[Event "Early-Titled-Tuesday-Blitz-February-20-2024"]
[Site "Chess.com"]
[Date "2024.02.20"]
[Round "2"]
[White "KuzubovYuriy"]
[Black "nekotyanof"]
[Result "1-0"]
[WhiteElo "2968"]
[BlackElo "2630"]
[TimeControl "180+1"]
[EndTime "8:16:17 PST"]
[Termination "KuzubovYuriy won by resignation"]

1. d4 Nf6 2. Nf3 g6 3. Nbd2 d5 4. b4 Bg7 5. e3 c6 6. c4 O-O 7.
Bb2 a5 8. b5 dxc4 9. Bxc4 cxb5 10. Bxb5 Bd7 11. Be2 Nc6 12. O-O Nd5 13. Rb1 Qc7 14.
Ba1 Rfd8 15. Qb3 Bc8 16. Rfc1 a4 17. Qd1 a3 18. Qb3 Qa5 19. Nc4 Qa7 20. h3 Bf5 21. Bd3 Bxd3 22. Qxd3 Ndb4 23. Qb3 Qa4 24. Rc3 Qxb3 25. Rcxb3 Nxa2 26. Nxa3 Nab4 27. Bc3 Ra4 28. Bxb4 Nxb4 29. Rxb4 Rxb4 30. Rxb4 1-0

[Event "Early-Titled-Tuesday-Blitz-February-20-2024"]
[Site "Chess.com"]
[Date "2024.02.20"]
[Round "2"]
[White "BeautiFullMindChess"]
[Black "ketster"]
[Result "0-1"]
[WhiteElo "2332"]
[BlackElo "2566"]
[TimeControl "180+1"]
[EndTime "8:16:18 PST"]
[Termination "ketster won on time"]

1. e4 c5 2. Nf3 Nf6 3. e5 Nd5 4. Nc3 e6 5. Bc4 Nb6 6. Be2 Nc6 7. O-O d5 8. exd6 Bxd6 9. b3 O-O 10. Bb2 e5 11. Bb5 Nd4 12. h3 Bf5 13. d3 f6 14.
a4 Kh8 15. Bc4 Bg6 16. a5 Nxc4 17. bxc4 Bh5 18. g4 Be8 19. Nxd4 exd4 20. Ne4 f5 21.
gxf5 Rxf5 22. Qg4 Rf4 23. Qg2 Bc6 24. Rae1 Qf8 25. f3 Bc7 26. Bc1 Rf5 27. Bd2 h6 28. Kh1 Re8 0-1

[Event "Early-Titled-Tuesday-Blitz-February-20-2024"]
[Site "Chess.com"]
[Date "2024.02.20"]
[Round "2"]
[White "mbchess97"]
[Black "C_K_G"]
[Result "0-1"]
[WhiteElo "2448"]
[BlackElo "2174"]
[TimeControl "180+1"]
[EndTime "8:16:21 PST"]
[Termination "C_K_G won by resignation"]

1. c4 e5 2. g3 Bc5 3. Bg2 d6 4. Nc3 a6 5. e3 Nc6 6. Nge2 Ba7 7. O-O Nge7 8. h3 O-O 9. b3 h5 10. d4 exd4 11. Nxd4 Nxd4 12. exd4 Nf5 13. Ne2 Qf6 14. Bb2 Re8 15. Qd2 c6 16. Rad1 Bd7 17. d5 Qg6 18.
Nf4 Qxg3 19. Nxh5 Qg6 20. Nf4 Qh6 21. Kh2 Nh4 22. Rg1 g6 23. Bh1 Bf5 24. Rg3 Be4 25.
dxc6 bxc6 26. Rdg1 Bxh1 27. Kxh1 Re4 28. Rg4 Nf3 29. Qxd6 Rxf4 30. Qxf4 Qxh3+ 0-1

[Event "Early-Titled-Tuesday-Blitz-February-20-2024"]
[Site "Chess.com"]
[Date "2024.02.20"]
[Round "2"]
[White "Journey_to_GrandMaster_YT"]
[Black "DarZay"]
[Result "1-0"]
[WhiteElo "2528"]
[BlackElo "2292"]
[TimeControl "180+1"]
[EndTime "8:16:22 PST"]
[Termination "Journey_to_GrandMaster_YT won by resignation"]

1. d4 d5 2. c4 e6 3. Nc3 Be7 4.
Qc2 Nf6 5. Bg5 h6 6. Bh4 O-O 7.
e3 Ne4 8. Bxe7 Qxe7 9. cxd5 Nxc3 10. bxc3 exd5 11. Nf3 c6 12. Rb1 Nd7 13. c4 Nf6 14. Bd3 Ne4 15. O-O Bf5 16. Rb2 b6 17. Ne5 Rac8 18. f3 f6 19. fxe4 dxe4 20. Rxf5 exd3 21. Nxd3 Qxe3+ 22. Rf2 Qxd4 23. Ne1 Rfe8 24. Nf3 Qc5 25. h3 Re6 26. Qg6 Rce8 27. Rd2 Qxc4 28. Rd7 R6e7 29. Rxe7 Rxe7 30. Rd2 Qc5+ 31. Kh2 Rf7 32. Rd8+ Rf8 33. Rd7 1-0

[Event "Early-Titled-Tuesday-Blitz-February-20-2024"]
[Site "Chess.com"]
[Date "2024.02.20"]
[Round "2"]
[White "Sanan_Sjugirov"]
[Black "IamSchrodingersCat"]
[Result "1-0"]
[WhiteElo "2907"]
[BlackElo "2607"]
[TimeControl "180+1"]
[EndTime "8:16:24 PST"]
[Termination "Sanan_Sjugirov won on time"]

1. d4 Nf6 2. Nf3 g6 3. c4 Bg7 4. Nc3 O-O 5. e4 d6 6. Be2 Na6 7. O-O e5 8. Be3 Ng4 9. Bg5 f6 10. Bh4 h5 11. h3 Nh6 12. c5 exd4 13. Bxa6 dxc3 14. Bc4+ Kh8 15. bxc3 dxc5 16. Qe2 g5 17. Bg3 Qe7 18. Rfe1 f5 19. exf5 Qxe2 20. Rxe2 Nxf5 21.
Bxc7 Bxc3 22. Rc1 Bf6 23. Be5 g4 24. hxg4 hxg4 25. Bxf6+ Rxf6 26. Re8+ Kg7 27. Rg8+ Kh6 28. Ne5 Nd4 29. Re1 b5 30. Bd5 Rb8 31. Nxg4+ Bxg4 32. Rxb8 c4 33. Rh8+ Kg5 34. Rg8+ Rg6 35. Rxg6+ Kxg6 36. Re4 Be2 37. Rxd4 c3 38. Be4+ 1-0

[Event "Early-Titled-Tuesday-Blitz-February-20-2024"]
[Site "Chess.com"]
[Date "2024.02.20"]
[Round "2"]
[White "sewlins"]
[Black "KetiTsatsalashvili"]
[Result "0-1"]
[WhiteElo "2124"]
[BlackElo "2447"]
[TimeControl "180+1"]
[EndTime "8:16:25 PST"]
[Termination "KetiTsatsalashvili won on time"]

1. e4 c5 2. Nf3 d6 3. d4 cxd4 4.
Nxd4 Nf6 5. Nc3 Nc6 6. Bg5 e6 7. Qd2 a6 8. f3 Be7 9. O-O-O Qc7 10. Be2 O-O 11. h4 Rd8 12. g4 b5 13. a3 b4 14.
axb4 Nxb4 15. Kb1 Rb8 16. Be3 d5 17. g5 Nd7 18. exd5 Nxd5 19. Nxd5 exd5 20. Bd3 Nc5 21.
h5 Na4 22. Nb3 Bb4 23. Qf2 Nxb2 24. Kxb2 Bc3+ 25. Ka2 Qc6 26. Kb1 Qa4 27. Bb6 d4 28. g6 Rxb6 29. gxh7+ Kh8 0-1

[Event "Early-Titled-Tuesday-Blitz-February-20-2024"]
[Site "Chess.com"]
[Date "2024.02.20"]
[Round "2"]
[White "Nechitaylo_Nikita"]
[Black "AttackSparrow"]
[Result "1/2-1/2"]
[WhiteElo "2342"]
[BlackElo "2628"]
[TimeControl "180+1"]
[EndTime "8:16:28 PST"]
[Termination "Game drawn by repetition"]

1. d4 d5 2. c4 e6 3. Nc3 Nf6 4. cxd5 exd5 5. Bg5 Bb4 6. e3 h6 7. Bh4 g5 8. Bg3 Ne4 9. Qc2 h5 10. h3 Nxg3 11. fxg3 c6 12. Nf3 Bd6 13. O-O-O Bxg3 14. e4 Be6 15. exd5 cxd5 16. Bb5+ Nc6 17. Kb1 Rc8 18. Ne5 Kf8 19. Bxc6 bxc6 20. Rhf1 Kg7 21. Ne2 Bxe5 22. dxe5 c5 23. Qd2 d4 24. Rf6 Qd5 25. Qxg5+ Kf8 26. Nf4 Qxa2+ 27. Kc1 Qa1+ 28. Kc2 Bb3+ 29.
Kxb3 Qxd1+ 30. Ka2 Qa4+ 31. Kb1 Qd1+ 32. Ka2 Qa4+ 33. Kb1 Qd1+ 34. Ka2 1/2-1/2

[Event "Early-Titled-Tuesday-Blitz-February-20-2024"]
[Site "Chess.com"]
[Date "2024.02.20"]
[Round "2"]
[White "malakismayil"]
[Black "ChessFanNM"]
[Result "1-0"]
[WhiteElo "2538"]
[BlackElo "2316"]
[TimeControl "180+1"]
[EndTime "8:16:28 PST"]
[Termination "malakismayil won on time"]

1. e4 e5 2. Nf3 Nc6 3. Bc4 Nf6 4. d3 Be7 5. O-O O-O 6. Nc3 d6 7. h3 Na5 8. Bb3 Nxb3 9. axb3 a6 10. Bg5 h6 11. Be3 Nh7 12. d4 Bf6 13. dxe5 dxe5 14. Nd5 Be6 15. c4 Ng5 16. Bxg5 Bxg5 17. Nxe5 Re8 18. f4 Bh4 19. Nf3 c6 20. Nc3 Qb6+ 21.
Kh2 Rad8 22. Qc2 Qe3 23. Qc1 Bf2 24. Qxe3 Bxe3 25. f5 Bc8 26. Rad1 Bf4+ 27. g3 Bc7 28. Kg2 Ba5 29. Rxd8 1-0

[Event "Early-Titled-Tuesday-Blitz-February-20-2024"]
[Site "Chess.com"]
[Date "2024.02.20"]
[Round "2"]
[White "microbear"]
[Black "komogro"]
[Result "0-1"]
[WhiteElo "2290"]
[BlackElo "2528"]
[TimeControl "180+1"]
[EndTime "8:16:32 PST"]
[Termination "komogro won by resignation"]

1. e4 g6 2. d4 Bg7 3. c4 d6 4. Nc3 Nf6 5. f3 O-O 6. Be3 Nc6 7. Bd3 e5 8. Nge2 exd4 9. Nxd4 Ng4 10. Nxc6 Nxe3 11.
Nxd8 Nxd1 12. Nxd1 Rxd8 13. Ke2 Be6 14. Rb1 c6 15.
Ne3 Re8 16. Rhd1 Rad8 17. Kf2 Bd4 18. Be2 c5 19. Rxd4 cxd4 20. Nc2 Rc8 21. b3 d5 22. exd5 Bf5 0-1

[Event "Early-Titled-Tuesday-Blitz-February-20-2024"]
[Site "Chess.com"]
[Date "2024.02.20"]
[Round "2"]
[White "Doublekk14"]
[Black "ViratKohl_i"]
[Result "0-1"]
[WhiteElo "2275"]
[BlackElo "2524"]
[TimeControl "180+1"]
[EndTime "8:16:32 PST"]
[Termination "ViratKohl_i won on time"]

1. c4 c6 2. e4 e5 3. Nc3 d6 4. Nf3 g6 5. d4 Bg7 6. Be3 Nf6 7. dxe5 dxe5 8. Qxd8+ Kxd8 9. O-O-O+ Nfd7 10. Ng5 Ke7 11. h4 Bh6 12. Kb1 f6 13. Nf7 Bxe3 14. Nxh8 Bxf2 15.
h5 g5 16. Be2 Nf8 17. Rhf1 Bd4 18. c5 Be6 19. Na4 Nbd7 20. Rc1 Bg8 21. Bg4 Ne6 22. b4 Rf8 23. Nb2 Nf4 24. g3 Bxb2 25. gxf4 Bxc1 26. Kxc1 exf4 27. Rd1 Be6 28. Bxe6 Kxe6 29.
Rd6+ Ke7 0-1

[Event "Early-Titled-Tuesday-Blitz-February-20-2024"]
[Site "Chess.com"]
[Date "2024.02.20"]
[Round "2"]
[White "cthake"]
[Black "JonaszBaum"]
[Result "0-1"]
[WhiteElo "1765"]
[BlackElo "2679"]
[TimeControl "180+1"]
[EndTime "8:16:35 PST"]
[Termination "JonaszBaum won by checkmate"]

1. e4 e6 2. d4 d5 3. Nc3 Bb4 4. e5 c5 5. a3 Bxc3+ 6. bxc3 Ne7 7. Qg4 Qc7 8. Qxg7 Rg8 9. Qxh7 cxd4 10. Qd3 dxc3 11. f4 Nbc6 12. Ne2 d4 13. h4 Bd7 14. h5 O-O-O 15. h6 Rg6 16. h7 Rh8 17. Nxd4 Nxd4 18.
Qxd4 Kb8 19. a4 Nf5 20. Qd3 Bc6 21. Ba3 Ka8 22. Bd6 Qb6 23. a5 Qb2 24. Rd1 Rg3 25.
Qe2 Re3 26. g4 Rxe2+ 27. Bxe2 Nxd6 28. Rh3 Ne4 29. Rhd3 a6 30. Rd8+ Rxd8 31. Rxd8+ Ka7 32. h8=Q Qc1+ 33. Bd1 Qe3+ 34. Kf1 Qf2# 0-1

[Event "Early-Titled-Tuesday-Blitz-February-20-2024"]
[Site "Chess.com"]
[Date "2024.02.20"]
[Round "2"]
[White "SaiAgni_98"]
[Black "RobertoJBM"]
[Result "0-1"]
[WhiteElo "2569"]
[BlackElo "2835"]
[TimeControl "180+1"]
[EndTime "8:16:36 PST"]
[Termination "RobertoJBM won by resignation"]

1. e4 c6 2. Nf3 d5 3. Nc3 dxe4 4.
Nxe4 Bg4 5. Bc4 e6 6. h3 Bxf3 7. Qxf3 Nd7 8. Bb3 Ngf6 9. Ng3 Nc5 10. O-O Be7 11. Rd1 O-O 12. d4 Nxb3 13. axb3 a6 14. c3 Rc8 15. b4 Nd5 16. Ne4 Qc7 17. g3 Rcd8 18. h4 h6 19. h5 f5 20. Nc5 Bxc5 21. bxc5 e5 22. dxe5 Qxe5 23. Bf4 Nxf4 24. Qxf4 Qxc5 25.
Qc7 Rxd1+ 26. Rxd1 f4 27. Rd7 Qg5 28. Kg2 fxg3 29.
fxg3 Re8 30. Qxb7 Re2+ 31. Kf3 Qe3+ 32. Kg4 Qe4+ 33. Kh3 Qf5+ 34. g4 Qf3+ 35. Kh4 0-1

[Event "Early-Titled-Tuesday-Blitz-February-20-2024"]
[Site "Chess.com"]
[Date "2024.02.20"]
[Round "2"]
[White "Sanyura"]
[Black "davigator"]
[Result "1-0"]
[WhiteElo "2603"]
[BlackElo "2347"]
[TimeControl "180+1"]
[EndTime "8:16:36 PST"]
[Termination "Sanyura won by checkmate"]

1. Nf3 Nf6 2. c4 g6 3. g3 Bg7 4.
Bg2 O-O 5. O-O d6 6. d4 Nc6 7.
Nc3 Bg4 8. Bf4 Nd7 9. d5 Bxf3 10. Bxf3 Na5 11. Qc2 Nxc4 12. Nb5 Nce5 13. Bg2 a6 14. Nd4 Nc4 15. Qxc4 Nb6 16. Qd3 Qd7 17. Rac1 Rac8 18. e4 Qa4 19. Be3 Qxa2 20. Ra1 Qxb2 21. Rfb1 Qxa1 22. Rxa1 c5 23. dxc6 bxc6 24. Rb1 Nd7 25. Qxa6 Nc5 26. Qc4 e5 27. Ne2 Ne6 28. h4 c5 29. Bh3 Rce8 30. Bxe6 fxe6 31. Rb7 Rf7 32. Qb5 Ree7 33. Rxe7 Rxe7 34. Qc6 Bf8 35. Qxd6 Re8 36. Qxe5 Kf7 37. Bxc5 Bg7 38. Qc7+ Kg8 39. Nf4 e5 40. Nd5 h6 41. Qd7 Ra8 42. Ne7+ Kh7 43. Qc6 g5 44. Qxa8 gxh4 45. Qg8# 1-0

[Event "Early-Titled-Tuesday-Blitz-February-20-2024"]
[Site "Chess.com"]
[Date "2024.02.20"]
[Round "2"]
[White "conformalfunction"]
[Black "Zurability"]
[Result "0-1"]
[WhiteElo "2381"]
[BlackElo "2738"]
[TimeControl "180+1"]
[EndTime "8:16:38 PST"]
[Termination "Zurability won by checkmate"]

1. e4 c5 2. Nf3 d6 3. d4 cxd4 4. Nxd4 Nf6 5. Nc3 g6 6. f3 Bg7 7.
Be3 a6 8. Qd2 Nbd7 9. g4 Ne5 10.
Be2 h5 11. g5 Nfd7 12. f4 Ng4 13. Bg1 e5 14. Nf3 exf4 15. Qxd6 Bxc3+ 16. bxc3 Qe7 17. Qxf4 O-O 18. Bd4 Re8 19. h3 Nge5 20. Rf1 Nc6 21. Bc4 Qxe4+ 22. Qxe4 Rxe4+ 23. Kd2 Nxd4 24. cxd4 Nb6 25. Bb3 Be6 26. Kd3 Bf5 27. Kd2 Rae8 28. Rae1 Rxe1 29. Nxe1 Be6 30. h4 Nc4+ 31. Kd3 b5 32.
Rf4 Bf5+ 33. Rxf5 Re3# 0-1

[Event "Early-Titled-Tuesday-Blitz-February-20-2024"]
[Site "Chess.com"]
[Date "2024.02.20"]
[Round "2"]
[White "Kildepiotr"]
[Black "tarno17"]
[Result "1-0"]
[WhiteElo "2682"]
[BlackElo "2133"]
[TimeControl "180+1"]
[EndTime "8:16:38 PST"]
[Termination "Kildepiotr won by resignation"]

1. Nf3 d5 2. g3 Nf6 3. Bg2 e6 4. O-O Be7 5. d3 O-O 6. Nbd2 c5 7. e4 dxe4 8. dxe4 Nc6 9. c3 e5 10. Qe2 Qc7 11. Nc4 b5 12. Ne3 c4 13. a4 Be6 14.
axb5 Na5 15. Ng5 Bd7 16. Nd5 Nxd5 17. exd5 Nb3 18. d6 Qxd6 19. Bxa8 Nxa1 20. Be4 h6 21.
Nf3 Nb3 22. Be3 Bxb5 23. Rd1 Qc7 24. Bd5 Rd8 25. Be4 Bf6 26. Rxd8+ Qxd8 27. Bxa7 Qa5 28. Be3 Qa1+ 29. Kg2 Qa8 30. Bxa8 1-0

[Event "Early-Titled-Tuesday-Blitz-February-20-2024"]
[Site "Chess.com"]
[Date "2024.02.20"]
[Round "2"]
[White "Zarinur"]
[Black "mbojan"]
[Result "0-1"]
[WhiteElo "2496"]
[BlackElo "2868"]
[TimeControl "180+1"]
[EndTime "8:16:38 PST"]
[Termination "mbojan won by resignation"]

1. e4 c5 2. Nf3 Nc6 3. Bb5 Na5 4. O-O a6 5. Be2 d6 6. c3 Nf6 7. d3 g6 8. Bg5 Bg7 9. Nbd2 O-O 10. h3 b5 11. Nh2 Bb7 12. f4 c4 13. Bxf6 Bxf6 14.
d4 e5 15. fxe5 dxe5 16. Ng4 Bg7 17. dxe5 Nc6 18. Nf3 Qe7 19. Qd6 Rfe8 20. Qxe7 Rxe7 21. Nf6+ Bxf6 22. exf6 Rxe4 23. Rae1 Rae8 24. Bd1 Rxe1 25.
Nxe1 Ne5 26. Be2 Nd7 27. Bg4 Nc5 28. Nc2 h5 29. Bd1 Be4 30. Nd4 Bd3 31. Bf3 Bxf1 32. Kxf1 Ne4 33. Nc6 Nxf6 34. Nb4 Re6 35. Bb7 a5 36.
Nc2 Ne4 37. Nd4 Rf6+ 38. Ke2 Nc5 39. Bc6 b4 40. Bb5 bxc3 41. bxc3 Ne4 42. Bxc4 Nxc3+ 43. Kd3 Na4 44. Nf3 Nb2+ 45. Kc3 Nxc4 46. Kxc4 Rf4+ 47.
Kb5 a4 48. a3 h4 49. Ne5 Kg7 50. Nd3 Rd4 51. Nb4 Rd2 52. Kxa4 Rxg2 53. Kb5 g5 54. a4 g4 55. a5 gxh3 0-1

[Event "Early-Titled-Tuesday-Blitz-February-20-2024"]
[Site "Chess.com"]
[Date "2024.02.20"]
[Round "2"]
[White "Colombiano07"]
[Black "stratacticos"]
[Result "1-0"]
[WhiteElo "2421"]
[BlackElo "1977"]
[TimeControl "180+1"]
[EndTime "8:16:38 PST"]
[Termination "Colombiano07 won on time"]

1. e4 c5 2. Nc3 Nc6 3. Bb5 Na5 4. f4 a6 5. Be2 b5 6. Nf3 b4 7.
Nd5 e6 8. Ne3 Qc7 9. O-O Qxf4 10. d4 Qc7 11. a3 bxa3 12. bxa3 cxd4 13. Qxd4 Nf6 14. e5 Bc5 15. Qh4 Nd5 16. Qg5 O-O 17.
Nh4 h6 18. Qg3 Nxe3 19. Bxe3 Bxe3+ 20. Qxe3 Qa7 21. Qxa7 Rxa7 22. Rf4 Rc7 23. Raf1 Nc6 24. Ng6 fxg6 25. Rxf8+ Kh7 26. Re8 Nxe5 27. Rff8 g5 28. Rxc8 Rb7 29. Bd3+ Nxd3 30. cxd3 Rb3 31. Rf3 Rxa3 32.
Rd8 d5 33. Rd6 1-0

[Event "Early-Titled-Tuesday-Blitz-February-20-2024"]
[Site "Chess.com"]
[Date "2024.02.20"]
[Round "2"]
[White "Chesstiger64"]
[Black "lamomiajunior"]
[Result "0-1"]
[WhiteElo "2342"]
[BlackElo "2730"]
[TimeControl "180+1"]
[EndTime "8:16:39 PST"]
[Termination "lamomiajunior won on time"]

1. d4 Nf6 2. Nf3 g6 3. e3 Bg7 4. Be2 O-O 5. O-O d6 6. c4 c6 7. Nc3 a6 8. b4 Nbd7 9. a4 Re8 10.
Bb2 e5 11. b5 e4 12. Nd2 h5 13.
Qb3 Nf8 14. Rfd1 d5 15. cxd5 cxd5 16. Ba3 Ne6 17. Nf1 h4 18. Rab1 a5 19. b6 h3 20.
g3 Ng5 21. Nd2 Re6 22. Nb5 Rxb6 23. Bc5 Rc6 24. Qa3 Bg4 25. Be7 Qd7 26. Bxf6 Bxf6 27. Nc3 Bxe2 28. Nxe2 Qg4 29. Nf4 Rd8 30. Qb2 b6 31.
Qb5 Rcd6 32. Qe2 Qd7 33. Rdc1 Nh7 34. Qb5 Qf5 35. Qe2 g5 36. Nh5 Be7 37. Rc7 Bf8 38. Rbc1 Bh6 39. g4 Qe6 40. Ng3 Bf8 41. Nf5 Nf6 0-1

[Event "Early-Titled-Tuesday-Blitz-February-20-2024"]
[Site "Chess.com"]
[Date "2024.02.20"]
[Round "2"]
[White "YurasovMat-2012"]
[Black "GrotBchess"]
[Result "1-0"]
[WhiteElo "2651"]
[BlackElo "2378"]
[TimeControl "180+1"]
[EndTime "8:16:39 PST"]
[Termination "YurasovMat-2012 won by resignation"]

1. e4 c5 2. Nf3 e6 3. b3 b6 4.
Bb2 Bb7 5. d3 d5 6. exd5 exd5 7.
d4 Nf6 8. Bb5+ Bc6 9. Qe2+ Be7 10. Ne5 Bxb5 11. Qxb5+ Nbd7 12. Nc6 Qc7 13. Nxe7 Kxe7 14. O-O Rhe8 15. Nd2 Kf8 16. Nf3 Kg8 17. Rfe1 h6 18.
Rec1 Qf4 19. Re1 Rad8 20. Rad1 Ne4 21. dxc5 Ndxc5 22. Rxd5 Rxd5 23. Qxe8+ Kh7 24. c4 Rf5 25. Bd4 Ne6 26. Be3 Qg4 27. h3 Qh5 28. Nd4 Re5 29. Nf3 Rf5 30. Nh2 N4g5 31. Qc6 Rf6 32. Qd5 Rg6 33. Kh1 Nxh3 34. Qxh5 1-0

[Event "Early-Titled-Tuesday-Blitz-February-20-2024"]
[Site "Chess.com"]
[Date "2024.02.20"]
[Round "2"]
[White "Nemegejas"]
[Black "Art10ECHR"]
[Result "1-0"]
[WhiteElo "2793"]
[BlackElo "2472"]
[TimeControl "180+1"]
[EndTime "8:16:40 PST"]
[Termination "Nemegejas won by resignation"]

1. d4 d5 2. Bf4 Nf6 3. e3 e6 4.
Nf3 c5 5. dxc5 Bxc5 6. c4 O-O 7. Nc3 Nc6 8. cxd5 Nxd5 9. Nxd5 exd5 10. Bd3 d4 11.
Bxh7+ Kxh7 12. Qc2+ d3 13. Qxc5 Bg4 14. Rd1 Bxf3 15.
gxf3 Qd7 16. Rg1 Rad8 17. Qh5+ Kg8 18. Rxg7+ Kxg7 19. Qh6+ Kg8 20. Kd2 Ne7 21. Rg1+ Ng6 22. Be5 f6 23. Qxg6+ Kh8 24. Bxf6+ Rxf6 25. Qxf6+ Kh7 26.
Qg6+ Kh8 27. Qh6+ Qh7 28. Qf6+ 1-0

[Event "Early-Titled-Tuesday-Blitz-February-20-2024"]
[Site "Chess.com"]
[Date "2024.02.20"]
[Round "2"]
[White "joshdaruca"]
[Black "GM_Huschenbeth"]
[Result "1-0"]
[WhiteElo "2766"]
[BlackElo "2477"]
[TimeControl "180+1"]
[EndTime "8:16:42 PST"]
[Termination "joshdaruca won by resignation"]

1. b3 e5 2. Bb2 Nc6 3. Nf3 e4 4. Nd4 Nf6 5. e3 Nxd4 6. Bxd4 d5 7. c4 c5 8. Bxf6 Qxf6 9. Nc3 dxc4 10. Bxc4 Qg6 11. Bd5 Qxg2 12. Bxe4 Qg5 13. Qf3 Rb8 14. O-O-O Bd6 15. Rhg1 Qe5 16. h4 h6 17. Qg2 O-O 18. f4 Qf6 19. Kc2 Be6 20. f5 Bxf5 21. Rdf1 Bxe4+ 22.
Nxe4 Qg6 23. Qxg6 fxg6 24. Nxd6 Kh7 25. Rxf8 Rxf8 26. Nxb7 Rf5 27. Rg4 g5 28. hxg5 h5 29. Rc4 Kg6 30. Nxc5 h4 31. Ne6 Kh5 32. Nxg7+ Kxg5 33. Nxf5 Kxf5 34. Rxh4 1-0

[Event "Early-Titled-Tuesday-Blitz-February-20-2024"]
[Site "Chess.com"]
[Date "2024.02.20"]
[Round "2"]
[White "KnightmareJoker"]
[Black "HeroWilczek"]
[Result "0-1"]
[WhiteElo "2161"]
[BlackElo "2478"]
[TimeControl "180+1"]
[EndTime "8:16:42 PST"]
[Termination "HeroWilczek won by resignation"]

1. e4 d5 2. exd5 Nf6 3. d4 Bg4 4. Be2 Bxe2 5. Nxe2 Qxd5 6. O-O e6 7. b3 Be7 8. c4 Qd7 9. Nbc3 O-O 10. Bb2 Rd8 11.
Qd3 c5 12. d5 exd5 13. cxd5 Nxd5 14. Nxd5 Qxd5 15. Qg3 Qg5 16. Qf3 Nc6 17. Ng3 Rd7 18. Ne4 Qg6 19. Rfe1 Rad8 20. Qh3 Rd3 21. f3 Bf8 22.
Rac1 b6 23. Qh4 h6 24. Kh1 Rd2 25. Nxd2 Rxd2 26. Rg1 Rxb2 27. Qa4 Nd4 28. Qxa7 Ne2 29. Rb1 Rc2 30. g3 Nxg1 31. Rxg1 Qc6 32. Rf1 Qb5 33. Kg1 Qe2 0-1

[Event "Early-Titled-Tuesday-Blitz-February-20-2024"]
[Site "Chess.com"]
[Date "2024.02.20"]
[Round "2"]
[White "Sattarov_Bobur"]
[Black "ChainedDowntohell"]
[Result "1-0"]
[WhiteElo "2806"]
[BlackElo "2559"]
[TimeControl "180+1"]
[EndTime "8:16:43 PST"]
[Termination "Sattarov_Bobur won on time"]

1. e4 a6 2. Nf3 e6 3. Qe2 b5 4. g3 Bb7 5. Bg2 c5 6. d3 Nc6 7.
c3 d6 8. O-O Nf6 9. d4 cxd4 10.
cxd4 d5 11. e5 Ne4 12. Nbd2 Nxd2 13. Bxd2 Qb6 14. Be3 Be7 15. h4 b4 16. h5 h6 17.
Rfd1 a5 18. Nh2 O-O 19. Ng4 Rfc8 20. Qd2 Qd8 21. Bh3 a4 22. Bxh6 gxh6 23. Nxh6+ Kg7 24. Qf4 Qf8 25. Rd3 Rc7 26. Rf3 Bd8 27. Bxe6 Kh7 28. Nxf7 Be7 29. Qf5+ 1-0

[Event "Early-Titled-Tuesday-Blitz-February-20-2024"]
[Site "Chess.com"]
[Date "2024.02.20"]
[Round "2"]
[White "topce"]
[Black "LikeWater"]
[Result "0-1"]
[WhiteElo "2396"]
[BlackElo "2730"]
[TimeControl "180+1"]
[EndTime "8:16:43 PST"]
[Termination "LikeWater won on time"]

1. c4 g6 2. Nc3 Bg7 3. d4 d6 4. e4 e5 5. d5 a5 6. h4 h5 7. Bg5 f6 8. Be3 Nh6 9. f3 Nf7 10. c5 f5 11. cxd6 Nxd6 12. Nb5 O-O 13. Rc1 Na6 14. Bg5 Bf6 15. Bxf6 Qxf6 16. Nxc7 Nxc7 17. Rxc7 fxe4 18. Qd2 Nf5 19. fxe4 Ng3 20. Nf3 Nxh1 21. Qh6 Rf7 22. Rxf7 Qxf7 23. Nxe5 Qg7 24. Qg5 Bg4 25. Bc4 Re8 26. d6+ Kh7 27. d7 Rxe5 28. d8=Q Rxg5 29.
hxg5 Ng3 30. Bd5 Nxe4 31. Qxa5 Nxg5 32. Qb6 Qe5+ 33. Kf2 Qxd5 34. b4 Ne4+ 35. Ke3 Nd6 36. Qc7+ Kh6 37. Qd8 Nf5+ 38. Kf2 Qxd8 39. g3 Qd2+ 0-1

[Event "Early-Titled-Tuesday-Blitz-February-20-2024"]
[Site "Chess.com"]
[Date "2024.02.20"]
[Round "2"]
[White "PavelShkapenko"]
[Black "MdChess1734"]
[Result "1-0"]
[WhiteElo "2713"]
[BlackElo "2393"]
[TimeControl "180+1"]
[EndTime "8:16:46 PST"]
[Termination "PavelShkapenko won by resignation"]

1. e4 c6 2. d4 d5 3. e5 Bf5 4. h4 h5 5. Bd3 Bxd3 6. Qxd3 Qa5+ 7. Nd2 Qa6 8. c4 e6 9. Ne2 Nh6 10. b3 Nf5 11. Ng3 Nxg3 12. fxg3 c5 13. O-O Nc6 14. Qf3 O-O-O 15. Qxf7 Nxd4 16. Nf3 Rd7 17. Qg6 Nxf3+ 18. Rxf3 dxc4 19. Bg5 cxb3 20. Qe8+ Kc7 21. Rxf8 b2 22.
Qc8+ Kb6 23. Rb1 Qxa2 24. Rxb2+ Qxb2 25. Qxd7 Rxf8 26. Qd6+ Kb5 27. Qxf8 Qb1+ 28. Kh2 Qe4 29. Qe8+ Qc6 30. Qxh5 c4 31. Qe2 Ka4 32. Qc2+ Kb5 33. Qb2+ Kc5 34. Be3+ 1-0

[Event "Early-Titled-Tuesday-Blitz-February-20-2024"]
[Site "Chess.com"]
[Date "2024.02.20"]
[Round "2"]
[White "FuenfgegenWilly"]
[Black "martinmena"]
[Result "1-0"]
[WhiteElo "2484"]
[BlackElo "2188"]
[TimeControl "180+1"]
[EndTime "8:16:46 PST"]
[Termination "FuenfgegenWilly won on time"]

1. e4 c6 2. Nc3 d5 3. Qe2 d4 4.
Nd1 e5 5. d3 f5 6. f4 exf4 7.
exf5+ Qe7 8. Bxf4 Bxf5 9. Nf3 Qxe2+ 10. Bxe2 c5 11. Ne5 Nf6 12. Bf3 Bc8 13. O-O Bd6 14.
b3 O-O 15. Nb2 Bxe5 16. Bxe5 Re8 17. Nc4 Nc6 18. Bd6 Nd7 19. Bd5+ Kh8 20. Rae1 Rxe1 21. Rxe1 h6 22. Bf7 Kh7 23. h4 Nd8 24. Be8 Nf6 25. Bc7 Be6 26. Bxd8 Rxd8 27. Rxe6 Rxe8 28. Rxe8 Nxe8 29.
Kf2 b6 30. Kf3 Kg6 31. g4 Kf6 32. Ke4 Ke6 33. g5 Nd6+ 34. Nxd6 Kxd6 35. Kf5 Ke7 36. Kg6 hxg5 37. hxg5 Kf8 38. Kf5 Kf7 39. g6+ Ke7 40.
Ke5 Kd7 41. a4 Ke7 42. a5 Kd7 43. a6 Ke7 44. Kd5 Kd7 45. b4 cxb4 46. Kxd4 Kc6 47. Kc4 b5+ 48. Kxb4 Kb6 49. d4 Kxa6 50. Kc5 b4 51.
Kc6 1-0

[Event "Early-Titled-Tuesday-Blitz-February-20-2024"]
[Site "Chess.com"]
[Date "2024.02.20"]
[Round "2"]
[White "Dewarfd"]
[Black "Chessbard1972"]
[Result "0-1"]
[WhiteElo "2148"]
[BlackElo "2464"]
[TimeControl "180+1"]
[EndTime "8:16:46 PST"]
[Termination "Chessbard1972 won by resignation"]

1. d4 Nf6 2. e3 g6 3. Nf3 Bg7 4. Be2 O-O 5. b4 d5 6. O-O c6 7.
a4 a5 8. b5 Bf5 9. Nbd2 Nbd7 10.
c4 Ne4 11. Bb2 c5 12. cxd5 Ndf6 13. Qb3 Rc8 14. Nxe4 Bxe4 15. dxc5 Rxc5 16. Rac1 Bxd5 17. Qa3 Rxc1 18. Rxc1 b6 19. Rd1 e6 20. Bxf6 Qxf6 21. Qd6 Bb3 22. Re1 e5 23. Qxf6 Bxf6 24. Ra1 Rd8 25. e4 Rc8 26. Bd1 Be6 27. h3 Rc4 28. Nd2 Rd4 29. f3 Rxd2 0-1

[Event "Early-Titled-Tuesday-Blitz-February-20-2024"]
[Site "Chess.com"]
[Date "2024.02.20"]
[Round "2"]
[White "BillCoe"]
[Black "Manukyan_Artak"]
[Result "0-1"]
[WhiteElo "2125"]
[BlackElo "2549"]
[TimeControl "180+1"]
[EndTime "8:16:47 PST"]
[Termination "Manukyan_Artak won by resignation"]

1. e4 c6 2. d4 d5 3. Nc3 dxe4 4. Nxe4 Nf6 5. Nxf6+ exf6 6. Nf3 Bd6 7. h3 O-O 8. Be2 Re8 9. O-O Nd7 10. c4 Nf8 11. a3 a5 12. b3 Ng6 13. Be3 Nf4 14. Bxf4 Bxf4 15. Re1 g5 16. Bf1 Kg7 17. Rxe8 Qxe8 18. Qe1 Bf5 19. Qxe8 Rxe8 20. b4 a4 21. d5 cxd5 22.
cxd5 Rd8 23. Bc4 Be4 24. Rd1 h5 25. Nd4 g4 26. Ne2 Be5 27. Ng3 Bg6 28. Rd2 f5 29. Nf1 f4 30. Bb5 gxh3 31. gxh3 Kf6 32. Bxa4 Rg8 33. f3 Bc2+ 34. Kf2 Bxa4 35. d6 Bd7 0-1